 Dungeon Crawl Stone Soup version 0.18.1-48-g4cf74bf (webtiles) character file.

94 pasperui the Cudgeler (level 4, -6/48 HPs)
             Began as an Ogre Fighter on Aug 18, 2016.
             Mangled by Sigmund
             ... wielding a +0 scythe of freezing
              (14 damage)
             ... on level 3 of the Dungeon.
             The game lasted 00:06:23 (2307 turns).

pasperui the Cudgeler (Ogre Fighter)                Turns: 2307, Time: 00:06:24

Health: -6/48      AC:  3    Str: 27    XL:     4   Next: 63%
Magic:  4/4        EV:  8    Int:  7    God:
Gold:   127        SH:  9    Dex:  9    Spells: 0 memorised, 3 levels left

rFire  . . .     SeeInvis .     a - +0 flail
rCold  . . .     Gourm    .     b - +0 robe
rNeg   . . .     Faith    .     c - +0 shield
rPois  .         Spirit   .     (helmet restricted)
rElec  .         Dismiss  .     (no cloak)
rCorr  .         Reflect  .     (gloves unavailable)
SustAt .         Harm     .     (boots unavailable)
MR     .....                    (no amulet)
Stlth  +.........               (no ring)
                                (no ring)

@: mighty, very slightly contaminated, hasted, very quick, not resistant to
hostile enchantments, very unstealthy
A: unfitting armour, tough skin 1
a: no special abilities


You were on level 3 of the Dungeon.
You were not hungry.

You visited 1 branch of the dungeon, and saw 3 of its levels.

You collected 127 gold pieces.

Inventory:

Hand Weapons
 a - a +0 flail (weapon)
Missiles
 i - 46 stones (quivered)
Armour
 b - a +0 robe (worn)
 c - a +0 shield (worn)
Scrolls
 e - a scroll of random uselessness {unknown}
 h - 3 scrolls of identify {unknown}
 j - 2 scrolls of remove curse {unknown}
 k - 2 scrolls of magic mapping {unknown}
 m - 3 scrolls of teleportation {unknown}
 o - 2 scrolls of amnesia {unknown}
Potions
 l - a potion of brilliance {unknown}
 q - 2 potions of curing {unknown}
 r - a potion of magic {unknown}
Comestibles
 f - 4 bread rations
 g - 5 fruits
 n - 4 chunks of flesh


   Skills:
 - Level 4.0 Fighting
 + Level 5.1 Maces & Flails
 - Level 2.4 Throwing
 - Level 2.6 Dodging
 - Level 2.6 Shields


You had 3 spell levels left.
You didn't know any spells.

Dungeon Overview and Level Annotations

Branches:
Dungeon (3/15)

Altars:
Dithmenos
Okawaru
Pakellas
Qazlal
Vehumet
Yredelemnul

Annotations:
D:3 Sigmund


Innate Abilities, Weirdness & Mutations

You are too large for most types of armour.
You have tough skin (AC +1).


Message History

Sigmund is heavily wounded.
You closely miss Sigmund.
Sigmund is heavily wounded.
Sigmund casts a spell.
Sigmund flickers and vanishes!
Deactivating autopickup; reactivate with Ctrl-A.
Your shield prevents you from hitting something.
Something hits you! Something freezes you.
You closely miss something. You miss something.
Something hits you but does no damage.
You barely miss something. You closely miss something. Something hits you.
Something freezes you.
You sock something!
Your shield prevents you from hitting something.
Something hits you!
* * * LOW HITPOINT WARNING * * *
Something freezes you.
* * * LOW HITPOINT WARNING * * *
You barely miss something. Something hits you!
You die...

#. ... #. #.# #. #. ...
.. ##.####. #.# #.# ..
........ #.# #.# .#
.#####.. #.# #.# .#
####.. #.# #{# .#
#..... #.# #@##.###
#..... ##.###......#
#.....
#.....<.....#.[.#####..
#..######..............
#..# .#.#.######÷..
#..# .#.......<.÷..
#..# .###.######..#
#..# .# # ###..#
#..######.. ....#


There were no monsters in sight!

Vanquished Creatures
  Jessica (D:3)
  An adder (D:2)
  A dart slug (D:1)
  An orc (D:3)
  5 bats
  A giant cockroach (D:2)
  11 goblins
  6 hobgoblins
  3 jackals (D:1)
  A quokka (D:2)
  5 giant newts
  8 kobolds
  10 rats
54 creatures vanquished.

Notes
Turn   | Place    | Note
--------------------------------------------------------------
     0 | D:1      | pasperui the Ogre Fighter began the quest for the Orb.
     0 | D:1      | Reached XP level 1. HP: 24/24 MP: 1/1
    45 | D:1      | Reached skill level 3 in Maces & Flails
   307 | D:1      | Reached XP level 2. HP: 32/32 MP: 2/2
   434 | D:1      | Reached skill level 4 in Maces & Flails
   888 | D:2      | Found a stormy altar of Qazlal.
   923 | D:2      | Found a basalt altar of Yredelemnul.
   978 | D:2      | Found an oddly glowing altar of Pakellas.
  1053 | D:2      | Reached XP level 3. HP: 36/39 MP: 3/3
  1168 | D:2      | Found a shadowy altar of Dithmenos.
  1398 | D:2      | Reached skill level 5 in Maces & Flails
  1605 | D:2      | Found a radiant altar of Vehumet.
  1995 | D:3      | Reached skill level 1 in Throwing
  2088 | D:3      | Noticed Jessica
  2092 | D:3      | Reached XP level 4. HP: 48/48 MP: 4/4
  2097 | D:3      | Killed Jessica
  2138 | D:3      | Found an iron altar of Okawaru.
  2287 | D:3      | Noticed Sigmund
  2307 | D:3      | Mangled by Sigmund

Skill      XL: |  1  2  3  4 |
---------------+-------------+-----
Maces & Flails | 3 4 5 |  5.1
Throwing       | 1 2 |  2.4
Fighting       | |  4.0
Dodging        | |  2.6
Shields        | |  2.6

Action                   |  1- 3 |  4- 6 || total
-------------------------+-------+-------++-------
Melee: Flail             |   141 |    64 ||   205
Throw: Stone             |       |     1 ||     1
  Use: Potion            |       |     2 ||     2
 Stab: Sleeping          |     1 |       ||     1
  Eat: Chunk             |     4 |     1 ||     5
Armor: Robe              |    29 |    12 ||    41
Dodge: Dodged            |    45 |    16 ||    61
Block: Shield            |    64 |    18 ||    82
